 Dungeon Crawl Stone Soup version 0.18.1-1-g2f07953 (webtiles) character file.

9172 aurelian the Spear-Bearer (level 11, -5/89 HPs)
             Began as a Demigod Warper on May 20, 2016.
             Slain by a black mamba (13 damage)
             ... on level 1 of the Lair of Beasts.
             The game lasted 00:38:11 (14485 turns).

aurelian the Spear-Bearer (Demigod Warper)         Turns: 14485, Time: 00:38:12

Health: -5/89      AC: 13    Str: 16    XL:     11   Next: 0%
Magic:  26/26      EV: 14    Int: 17    God:
Gold:   159        SH:  0    Dex: 23    Spells: 3 memorised, 8 levels left

rFire  . . .     SeeInvis .     a - +1 halberd (venom)
rCold  . . .     Gourm    +     r - +0 ring mail
rNeg   . . .     Faith    .     (shield currently unavailable)
rPois  .         Spirit   .     (no helmet)
rElec  .         Dismiss  .     t - +1 cloak
rCorr  +         Reflect  .     L - +1 pair of gloves "Vomiex Dato" {Dex+4}
SustAt +         Harm     .     R - +2 pair of boots
MR     +....                    K - amulet of the gourmand
Stlth  +.........               p - ring of magical power
                                i - ring of resist corrosion

@: lethally poisoned (-5 -> -28), heavily drained, somewhat resistant to hostile
enchantments, very unstealthy
A: high mp 1, sustain attributes
a: no special abilities


You were on level 1 of the Lair of Beasts.
You were very full.

You visited 2 branches of the dungeon, and saw 12 of its levels.
You also visited: Sewer.

You collected 458 gold pieces.
You spent 299 gold pieces at shops.

Inventory:

Hand Weapons
 a - a +1 halberd of venom (weapon)
 b - a +1 hunting sling of freezing
 h - a +2 trident
 q - a +0 spear
 u - a +0 trident of freezing
 E - a cursed -3 blowgun
 P - a +0 greatsling
 U - a +0 spear of venom
Missiles
 e - 4 tomahawks of dispersal (quivered)
 g - 67 sling bullets
 j - 7 tomahawks
 l - 307 stones
 x - a throwing net
 G - 6 curare-tipped needles
Armour
 r - a +0 ring mail (worn)
 t - a +1 cloak (worn)
 y - a +0 scale mail of cold resistance
 L - the +1 pair of gloves "Vomiex Dato" (worn) {Dex+4}
   (You bought it in a shop on level 7 of the Dungeon)

   It affects your dexterity (+4).
 R - a +2 pair of boots (worn)
Jewellery
 i - a ring of resist corrosion (left hand)
 p - a ring of magical power (right hand)
 K - an amulet of the gourmand (around neck)
Wands
 F - a wand of flame (36/48)
 H - a wand of confusion (15/48)
 T - a wand of iceblast (2/15)
Scrolls
 d - 2 scrolls of blinking
 k - a scroll of amnesia
 o - 2 scrolls of fear
 v - 2 scrolls of recharging
 w - 5 scrolls of magic mapping
 N - a scroll of identify
 O - a scroll of fog
 Q - a scroll of teleportation
Potions
 m - 2 potions of flight
 s - a potion of lignification {unknown}
 z - 2 potions of magic
 A - a potion of brilliance
 B - 3 potions of curing
 D - a potion of mutation {unknown}
 I - 2 potions of might
 S - a potion of invisibility {unknown}
Books
 c - a book of Spatial Translocations

   Spells                             Type                      Level
   a - Apportation                    Translocation                1
   b - Blink                          Translocation                2
   c - Shroud of Golubria             Charms/Translocation         2
   d - Portal Projectile              Translocation                3
   e - Teleport Other                 Translocation                3
   f - Passage of Golubria            Translocation                4
Comestibles
 f - 10 bread rations
 n - 3 meat rations
 J - 9 fruits
 M - a beef jerky


   Skills:
 + Level 6.3(4.3) Fighting
 + Level 11.2(8.9) Polearms
 - Level 0.8(0.0) Throwing
 + Level 6.4(4.4) Armour
 + Level 6.4(4.4) Dodging
 - Level 1.7(0.0) Spellcasting
 + Level 4.9(3.0) Translocations


You had 8 spell levels left.
You knew the following spells:

 Your Spells              Type           Power        Failure   Level  Hunger
a - Apportation           Tloc           ##........   14%         1    ##.....
b - Blink                 Tloc           N/A          21%         2    ###....
c - Shroud of Golubria    Chrm/Tloc      #.........   34%         2    ###....


Dungeon Overview and Level Annotations

Branches:
Dungeon (11/15)            Temple (0/1) D:5            Lair (1/8) D:10
    Orc (0/2) D:10

Shops:
D:6 ?   D:7 [

Annotations:
D:4 Menkaure
D:10 exclusion: oklob plant
D:11 Maud


Innate Abilities, Weirdness & Mutations

You have an increased reservoir of magic (+10% MP).
Your attributes are resistant to harm.


Message History

The black mamba is lightly wounded.
You feel sick. The black mamba bites you!
You are more poisoned.
The black mamba poisons you! The black mamba bites you!
You barely miss the black mamba.
The black mamba is lightly wounded.
You feel very sick. The black mamba closely misses you.
The black mamba bites you.
You slash the black mamba!
The black mamba is moderately wounded.
You feel sick. The black mamba bites you.
* * * LOW HITPOINT WARNING * * *
The black mamba bites you!
* * * LOW HITPOINT WARNING * * *
You hit the black mamba.
The black mamba is moderately wounded.
* * * LOW HITPOINT WARNING * * *
You feel very sick. The black mamba bites you!
You die...

#........ ###......
##.......# ##......
##........### #......#
####...........####.......
....#...........##........
.................†........
..........................
..........................
.........@.........#......
.........S.........#......
#..###....................
#........P##.........
#..........###P......
#..........## ...
##..........# ...........#
##..........


You could see a black mamba.

Vanquished Creatures
  Sonja (D:10)
  A manticore (D:10)
  A gargoyle (D:10)
  A two-headed ogre (D:10)
  A spriggan (D:7)
  4 yaks (D:10)
  A wyvern (D:10)
  A hungry ghost (D:7)
  2 hippogriffs
  A water moccasin (Lair:1)
  3 orc warriors
  2 ice beasts
  3 sky beasts
  3 black bears
  A necrophage (D:9)
  3 phantoms
  5 centaurs
  4 ogres
  A crocodile (D:10)
  A big kobold (D:9)
  3 wyvern zombies
  5 giant frogs
  6 killer bees (D:10)
  12 wights
  2 howler monkeys
  8 crimson imps
  A giant frog zombie (D:11)
  A centaur zombie (D:9)
  4 hounds
  2 centaur skeletons
  A giant frog skeleton (D:10)
  13 orc priests
  Crazy Yiuf (D:7)
  A gnoll shaman (D:10)
  A jelly (D:11)
  3 iguanas
  18 orc wizards
  10 worker ants
  A killer bee zombie (D:10)
  2 hound zombies (D:8)
  A hound skeleton (D:10)
  3 mummies (D:9)
  3 howler monkey skeletons
  4 gnolls (D:10)
  17 adders
  16 river rats
  2 shadow imps
  An ooze (D:2)
  An adder skeleton (D:4)
  3 adder zombies
  2 worms
  3 dart slugs (D:1)
  6 giant geckos
  49 orcs
  3 giant cockroaches
  11 goblins
  9 hobgoblins
  5 jackals
  8 kobolds
  3 quokkas
  9 ball pythons
  12 bats
  11 giant newts
  2 gnoll zombies (D:9)
  2 quokka skeletons
  14 rats
  A withered plant (D:9)
336 creatures vanquished.

Vanquished Creatures (others)
  Pikel (D:7)
  4 slaves (D:7)
  A bush (D:8)
  12 fungi (D:10)
  3 plants (D:10)
21 creatures vanquished.

Grand Total: 357 creatures vanquished

Notes
Turn   | Place    | Note
--------------------------------------------------------------
     0 | D:1      | aurelian the Demigod Warper began the quest for the Orb.
     0 | D:1      | Reached XP level 1. HP: 17/17 MP: 5/5
    96 | D:1      | Reached skill level 2 in Polearms
   137 | D:1      | Found a shattered altar of Ashenzari.
   481 | D:1      | Reached XP level 2. HP: 16/24 MP: 7/7
   771 | D:1      | Learned a level 2 spell: Blink
   862 | D:1      | Reached skill level 3 in Polearms
  1418 | D:1      | Reached XP level 3. HP: 29/29 MP: 8/8
  1439 | D:1      | Learned a level 2 spell: Shroud of Golubria
  2434 | D:2      | Found a white marble altar of Elyvilon.
  2555 | D:2      | Reached skill level 4 in Polearms
  2674 | D:2      | Reached XP level 4. HP: 32/36 MP: 9/9
  3817 | D:3      | Reached skill level 5 in Polearms
  3839 | D:4      | Reached XP level 5. HP: 38/41 MP: 10/10
  3855 | D:4      | Found a glowing drain.
  4109 | Sewer    | Entered a sewer
  4834 | D:4      | Reached skill level 6 in Polearms
  4853 | D:4      | Reached XP level 6. HP: 47/48 MP: 11/11
  5324 | D:4      | Reached skill level 7 in Polearms
  5616 | D:4      | Found a deep blue altar of Sif Muna.
  5715 | D:4      | Noticed Menkaure
  5759 | D:5      | Entered Level 5 of the Dungeon
  5772 | D:5      | Found a shadowy altar of Dithmenos.
  5772 | D:5      | Found an oddly glowing altar of Pakellas.
  5840 | D:5      | Reached XP level 7. HP: 51/53 MP: 12/12
  6004 | D:5      | Reached skill level 8 in Polearms
  6617 | D:5      | Found an iron altar of Okawaru.
  6926 | D:5      | Found a staircase to the Ecumenical Temple.
  6970 | D:6      | Reached skill level 9 in Polearms
  7009 | D:6      | Reached XP level 8. HP: 54/60 MP: 13/13
  7178 | D:6      | Reached skill level 1 in Armour
  7247 | D:6      | Found an opulent altar of Gozag.
  7388 | D:6      | Found Wihomir's Magic Scroll Emporium.
  7715 | D:6      | Bought a scroll of remove curse for 33 gold pieces
  7902 | D:6      | Found a glowing golden altar of the Shining One.
  8018 | D:7      | Noticed Pikel
  8022 | D:7      | Killed Pikel
  8779 | D:7      | Found Ufritopa's Antique Armour Shoppe.
  8922 | D:7      | Reached skill level 10 in Polearms
  8997 | D:7      | Found a glowing silver altar of Zin.
  8997 | D:7      | Found a white marble altar of Elyvilon.
  8999 | D:7      | Found a glowing golden altar of the Shining One.
  9040 | D:7      | Noticed Crazy Yiuf
  9054 | D:7      | Killed Crazy Yiuf
  9054 | D:7      | Reached XP level 9. HP: 70/70 MP: 14/14
 10109 | D:8      | Reached skill level 5 in Fighting
 10341 | D:7      | Bought a pair of steaming gloves for 266 gold pieces
 10505 | D:9      | Reached skill level 5 in Dodging
 10590 | D:9      | Identified the +1 pair of gloves "Vomiex Dato" {Dex+4} (You bought it in a shop on level 7 of the Dungeon)
 10638 | D:9      | Reached skill level 5 in Armour
 10824 | D:9      | Found a basalt altar of Yredelemnul.
 11053 | D:9      | Reached XP level 10. HP: 81/81 MP: 15/15
 11423 | D:10     | Entered Level 10 of the Dungeon
 11486 | D:10     | Found a staircase to the Lair.
 12288 | D:10     | Noticed Sonja
 12318 | D:10     | Killed Sonja
 12379 | D:10     | Found a glowing golden altar of the Shining One.
 12380 | D:10     | Noticed an oklob plant
 12404 | D:10     | Reached skill level 11 in Polearms
 13202 | D:10     | Noticed a manticore
 13233 | D:10     | Killed a manticore
 13690 | D:10     | Found a staircase to the Orcish Mines.
 13804 | D:11     | Noticed Maud
 14173 | Lair:1   | Entered Level 1 of the Lair of Beasts
 14377 | Lair:1   | Reached XP level 11. HP: 87/89 MP: 17/17
 14485 | Lair:1   | Slain by a black mamba

Skill      XL: |  1  2  3  4  5  6  7  8  9 10 |
---------------+-------------------------------+-----
Polearms       | 2 3 4 5 6 7 9 10 11 | 11.2
Armour         | 3 5 6 |  6.4
Fighting       | 3 5 6 |  6.3
Dodging        | 3 5 6 |  6.4
Translocations | 3 4 |  4.9
Throwing       | |  0.8
Spellcasting   | |  1.7

Action                   |  1- 3 |  4- 6 |  7- 9 | 10-12 || total
-------------------------+-------+-------+-------+-------++-------
Melee: Spear             |   195 |   306 |       |       ||   501
       Halberd           |       |    78 |   562 |   346 ||   986
 Fire: Hunting sling     |       |     2 |    40 |    23 ||    65
Throw: Tomahawk          |     1 |       |       |       ||     1
Evoke: Wand              |       |       |       |     1 ||     1
  Use: Scroll            |     1 |    14 |     4 |     1 ||    20
       Potion            |       |     4 |       |     7 ||    11
 Stab: Sleeping          |     1 |       |     1 |     1 ||     3
       Distracted        |       |       |       |     1 ||     1
       Confused          |       |       |       |     1 ||     1
  Eat: Chunk             |     6 |    11 |    14 |    17 ||    48
       Beef jerky        |       |       |     3 |       ||     3
       Meat ration       |       |       |     1 |       ||     1
       Fruit             |       |       |     2 |       ||     2
Armor: Leather armour    |    17 |     4 |    46 |       ||    67
       Ring mail         |    20 |   125 |   117 |    94 ||   356
Dodge: Dodged            |    72 |   169 |   245 |   216 ||   702
